 Dungeon Crawl Stone Soup version 0.16-a0-3943-gb4b81e6 (webtiles) character file.

1613 mehakun the Ducker (level 8, -1/118 HPs)
             Began as a Troll Berserker on Feb 8, 2015.
             Was a Priest of Trog.
             Shot with a sling bullet by Joseph (2 damage)
             ... on level 7 of the Dungeon.
             The game lasted 00:31:07 (2727 turns).

mehakun the Ducker (Troll Berserker)                Turns: 2727, Time: 00:31:07

Health: -1/118     AC:  7    Str: 31    XL:     8   Next: 64%
Magic:  3/3        EV: 12    Int:  3    God:    Trog [***...]
Gold:   140        SH:  0    Dex: 11    Spells: 0 memorised, 7 levels left

rFire  . . .     SeeInvis .       - Unarmed
rCold  . . .     Clarity  .     p - +2 robe {MR+}
rNeg   + . .     SustAb   .     (shield restricted)
rPois  .         Gourm    +     (helmet restricted)
rElec  .         Spirit   .     (no cloak)
rCorr  .         Warding  .     (gloves unavailable)
rMut   .         Stasis   .     (boots unavailable)
MR     +....                    (no amulet)
Stlth  ..........               r - ring of flight
                                s - ring of positive energy

@: berserking (expiring), very quick, somewhat resistant to hostile
enchantments, extremely unstealthy
A: unfitting armour, claws 3, fast metabolism 3, gourmand, regeneration 2,
shaggy fur 1, tough skin 2
a: Burn Spellbooks, Berserk, Trog's Hand, Renounce Religion, Evoke Flight


You were on level 7 of the Dungeon.
You worshipped Trog.
Trog was most pleased with you.
You were hungry.

You visited 1 branch of the dungeon, and saw 7 of its levels.

You collected 140 gold pieces.

Inventory:

Armour
 b - a cursed +0 animal skin
 p - a +2 robe of magic resistance (worn)
Jewellery
 q - a +2 ring of protection
 r - a ring of flight (right claw)
 s - a ring of positive energy (left claw)
 u - an uncursed ring of see invisible {unknown}
Scrolls
 a - a scroll of amnesia {unknown}
 d - a scroll of random uselessness {unknown}
 e - a scroll of remove curse {unknown}
 f - a scroll of immolation {unknown}
 g - a scroll of recharging {unknown}
 i - a scroll of fog {unknown}
 n - a scroll of noise {unknown}
 t - a scroll of blinking {unknown}
Potions
 c - a potion of flight {unknown}
 h - a potion of ambrosia {unknown}
 k - a potion of poison {unknown}
 l - a potion of cure mutation {unknown}
 m - a potion of berserk rage {unknown}
 o - 2 potions of curing {unknown}
Comestibles
 v - a bread ration


   Skills:
 + Level 4.8 Fighting
 + Level 1.6 Armour
 + Level 6.8 Dodging
 + Level 6.4 Unarmed Combat


You had 7 spell levels left.
You didn't know any spells.

Dungeon Overview and Level Annotations

Branches:
Dungeon (7/15)             Temple (0/1) D:4

Altars:
Dithmenos
Elyvilon
Ru

Portals:
Ossuary: D:4

Annotations:
D:7 Joseph


Innate Abilities, Weirdness & Mutations

You are too large for most types of armour.
You have claws for hands.
Your metabolism is lightning-fast.
You like to eat raw meat.
You heal very quickly.
You are covered in fur (AC +1).
You have very tough skin (AC +2).


Message History

* * * LOW HITPOINT WARNING * * *
The gnoll misses you.
You mangle the gnoll!!
You kill the gnoll!
Trog accepts your kill. Joseph hits you but does no damage.
An ogre comes into view. It is wielding a giant spiked club.
The gnoll sergeant hits you with a vampiric trident!
* * * LOW HITPOINT WARNING * * *
Things that are here:
a halberd; a gnoll corpse You claw the gnoll sergeant!
The gnoll sergeant begins to bleed from its wounds!
The gnoll sergeant is heavily wounded.
The ogre closely misses you.
Joseph unwields an uncursed quarterstaff.
Joseph wields an uncursed hunting sling of velocity.
Joseph shoots a sling bullet.
The sling bullet hits you.
* * * LOW HITPOINT WARNING * * *
You die...

#####.# #..
.[[.#.#### #.#
##.......# ###.. .
#..#.##.# #...#
##.# #....##.#
###...# .....
#....##.#
.....#......
#....##.#
#...#.g....
#.##.##.#
#..gOg.._...
##.......# #@#
...##.##########.#
##. #........)(@.#
#.##.##########)#
#.#.# .... #..#
#...... ##.#
#.....@.# .##
###....# .# .....


You could see Joseph, an ogre, a gnoll sergeant (bleeding) and 2 gnolls.

Vanquished Creatures
  Pikel (D:6)
  Edmund (D:7)
  Menkaure (D:7)
  A sky beast (D:7)
  A slave (D:6)
  2 centaurs
  Duvessa (D:7)
  A giant frog (D:6)
  Dowan (D:7)
  2 crimson imps (D:7)
  4 hounds
  A giant frog skeleton (D:5)
  An orc wizard (D:7)
  2 worker ants
  An orc priest (D:7)
  2 iguanas (D:4)
  A gnoll (D:7)
  4 adders (D:2)
  2 giant geckos
  2 oozes
  6 orcs
  A bat skeleton (D:4)
  A giant cockroach (D:4)
  6 hobgoblins
  6 jackals
  7 kobolds
  A quokka (D:5)
  A ball python skeleton (D:5)
  8 bats
  8 goblins
  8 rats
85 creatures vanquished.

Vanquished Creatures (others)
  A sky beast (D:6)
  A quokka (D:6)
  A quokka zombie (D:6)
3 creatures vanquished.

Grand Total: 88 creatures vanquished

Notes
Turn   | Place    | Note
--------------------------------------------------------------
     0 | D:1      | mehakun, the Troll Berserker, began the quest for the Orb.
     0 | D:1      | Reached XP level 1. HP: 22/22 MP: 1/1
   192 | D:1      | Reached XP level 2. HP: 19/29 MP: 1/1
   413 | D:2      | Acquired Trog's second power
   457 | D:2      | Reached XP level 3. HP: 36/36 MP: 2/2
   517 | D:2      | Found a sacrificial altar of Ru.
  1005 | D:3      | Reached XP level 4. HP: 44/44 MP: 2/2
  1195 | D:4      | Found a sand-covered staircase.
  1196 | D:4      | Reached XP level 5. HP: 49/53 MP: 2/2
  1338 | D:4      | Found a staircase to the Ecumenical Temple.
  1393 | D:4      | Reached skill level 4 in Unarmed Combat
  1474 | D:5      | Entered Level 5 of the Dungeon
  1511 | D:5      | Noticed a centaur
  1528 | D:5      | Killed a centaur
  1528 | D:5      | Reached XP level 6. HP: 11/61 MP: 3/3
  1771 | D:5      | Found a white marble altar of Elyvilon.
  2228 | D:6      | Noticed Pikel
  2242 | D:6      | Killed Pikel
  2242 | D:6      | Reached skill level 5 in Dodging
  2242 | D:6      | Reached skill level 5 in Unarmed Combat
  2242 | D:6      | Reached XP level 7. HP: 55/70 MP: 3/3
  2345 | D:6      | You fall through a shaft!
  2353 | D:7      | Noticed Duvessa
  2356 | D:7      | Noticed Dowan
  2364 | D:7      | Killed Duvessa
  2367 | D:7      | Killed Dowan
  2418 | D:7      | Reached XP level 8. HP: 40/79 MP: 3/3
  2471 | D:7      | Reached skill level 6 in Dodging
  2700 | D:7      | Noticed Joseph
  2703 | D:7      | Noticed Menkaure
  2704 | D:7      | Found a shadowy altar of Dithmenos.
  2708 | D:7      | Noticed Edmund
  2714 | D:7      | Killed Menkaure
  2723 | D:7      | Killed Edmund
  2727 | D:7      | HP: 1/118 [Joseph/sling bullet (6)]
  2727 | D:7      | Shot with a sling bullet by Joseph

Action                   |  1- 3 |  4- 6 |  7- 9 || total
-------------------------+-------+-------+-------++-------
Melee: Unarmed           |    99 |   112 |    83 ||   294
Invok: Trog's Hand       |     1 |     1 |       ||     2
       Berserk           |       |     1 |     2 ||     3
  Eat: Meat ration       |     1 |     2 |       ||     3
       Beef jerky        |     1 |       |       ||     1
       Bread ration      |       |     1 |       ||     1
       Chunk             |       |       |     3 ||     3
